[Event "Titled Tuesday Blitz May 4 2021"]
[White "Spencenzug"]
[Black "Skatchkov, Pavel"]
[BlackFideId "4121848"]
[WhiteElo "2314"]
[BlackElo "2476"]
[Result "0-1"]
[Round "05"]
[TimeControl "180+1"]
[Date "2021.05.04"]
[WhiteClock "0:00:24"]
[BlackClock "0:01:07"]

1. e4 e5 2. Nf3 Nf6 3. Nxe5 d6 4. Nf3 Nxe4 5. Nc3 Nxc3 6. dxc3 Be7 7. Be3 O-O 8. Qd2 Nd7 9. O-O-O Nf6 10. h4 c5 11. Kb1 Be6 12. Ng5 Bf5 13. f3 Qa5 14. g4 Bd7 15. h5 h6 16. Nh3 Be6 17. a3 b5 18. g5 Nd5 19. gxh6 Bf6 20. Nf4 Nxc3+ 21. Kc1 b4 22. hxg7 bxa3 23. gxf8=Q+ Rxf8 24. Rg1+ Kh8 25. Bd4 axb2+ 26. Kxb2 Rb8+ 0-1


[Site "https://www.chess.com"]

[Event "Titled Tuesday Blitz May 4 2021"]
[White "Steil-Antoni, Fiona"]
[Black "Krzywda, Andrzej"]
[WhiteFideId "4001249"]
[BlackFideId "1114565"]
[WhiteElo "2059"]
[BlackElo "2100"]
[Result "1/2-1/2"]
[Round "05"]
[TimeControl "180+1"]
[Date "2021.05.04"]
[WhiteClock "0:00:06"]
[BlackClock "0:00:07"]

1. e4 c5 2. Nc3 Nc6 3. f4 g6 4. Nf3 Bg7 5. Bb5 Nd4 6. O-O Nxb5 7. Nxb5 d6 8. d3 a6 9. Nc3 e6 10. Qe1 Ne7 11. f5 O-O 12. Qh4 exf5 13. Bh6 Nc6 14. Qf4 fxe4 15. dxe4 Be6 16. Nd5 Bxd5 17. exd5 Ne5 18. Bxg7 Nxf3+ 19. Rxf3 Kxg7 20. Raf1 Rc8 21. Rh3 h5 22. g4 h4 23. g5 Qe7 24. Rxh4 Rh8 25. Rg4 Rh3 26. Rg3 Rxg3+ 27. hxg3 Re8 28. Rf2 Qe1+ 29. Kg2 Qe7 30. c4 b5 31. b3 b4 32. Rf3 a5 33. Qh4 Rh8 34. Qf4 Re8 35. Qf6+ Qxf6 36. Rxf6 Re2+ 37. Kf3 Rxa2 38. Rxd6 a4 39. bxa4 b3 40. Rb6 Rxa4 41. Rxb3 Rxc4 42. Rd3 Kf8 43. d6 Ke8 44. Rd5 Kd7 45. Ke3 Rc3+ 46. Kd2 Rxg3 47. Rxc5 Kxd6 48. Ra5 Ke6 49. Ra6+ Ke7 50. Ra5 Rh3 51. Ke2 Kf8 52. Kf2 Kg7 53. Kg2 Rb3 54. Rc5 Re3 55. Rb5 Rd3 56. Ra5 Rc3 57. Rb5 Ra3 58. Rc5 Rb3 59. Ra5 Kf8 60. Rc5 Ke7 61. Ra5 Ke6 62. Ra6+ Kf5 63. Ra5+ Kg4 64. Ra7 Rb2+ 65. Kf1 Rb4 66. Rxf7 Rf4+ 67. Rxf4+ Kxf4 68. Kf2 Kxg5 69. Kg3 Kf5 70. Kf3 Kg5 71. Kg3 Kf5 72. Kf3 g5 73. Kg3 g4 74. Kg2 Kf4 75. Kf2 g3+ 76. Kg2 Kg4 77. Kg1 Kf3 78. Kf1 Kg4 79. Kg2 Kf4 80. Kg1 Kg4 81. Kg2 Kh4 82. Kg1 Kh3 83. Kh1 Kg4 84. Kg2 1/2-1/2


[Site "https://www.chess.com"]

[Event "Titled Tuesday Blitz May 4 2021"]
[White "Stromboli, Ettore"]
[Black "Skoberne, Jure"]
[WhiteFideId "813761"]
[BlackFideId "14604299"]
[WhiteElo "2414"]
[BlackElo "2559"]
[Result "0-1"]
[Round "05"]
[TimeControl "180+1"]
[Date "2021.05.04"]
[WhiteClock "0:00:06"]
[BlackClock "0:01:28"]

1. e4 c5 2. Nf3 Nc6 3. d4 cxd4 4. Nxd4 e5 5. Nb5 d6 6. N1c3 a6 7. Na3 b5 8. Nd5 Nge7 9. c4 Nxd5 10. exd5 Nd4 11. Bd3 Be7 12. Be3 Nf5 13. O-O Nxe3 14. fxe3 b4 15. Qa4+ Bd7 16. Qxb4 O-O 17. Bf5 Be8 18. b3 g6 19. Bd3 Bg5 20. Nc2 f5 21. e4 a5 22. Qa3 Qb6+ 23. Kh1 Bd7 24. Rae1 Bd2 25. Re2 fxe4 26. Rxf8+ Rxf8 27. Rxe4 Bf5 28. c5 dxc5 29. h3 Bxe4 30. Bxe4 Rf1+ 31. Kh2 Bf4+ 32. g3 c4 0-1


[Site "https://www.chess.com"]

[Event "Titled Tuesday Blitz May 4 2021"]
[White "Sumaneev, Dmitry"]
[Black "Djordjevic, Vuk"]
[WhiteFideId "4125312"]
[BlackFideId "902098"]
[WhiteElo "2501"]
[BlackElo "2463"]
[Result "0-1"]
[Round "05"]
[TimeControl "180+1"]
[Date "2021.05.04"]
[WhiteClock "0:00:07"]
[BlackClock "0:00:06"]

1. e4 e6 2. Qe2 c5 3. Nf3 Nc6 4. g3 Be7 5. d3 d5 6. Bg2 Nf6 7. e5 Nd7 8. c4 a6 9. O-O b5 10. Nc3 d4 11. cxb5 axb5 12. Nxb5 Ba6 13. Na3 Nb4 14. Rd1 O-O 15. h4 Nb6 16. Ng5 h6 17. Bxa8 Qxa8 18. Ne4 Qd5 19. Bf4 c4 20. dxc4 Nxc4 21. Nxc4 Bxc4 22. Qf3 Bd3 23. Nd2 Qb5 24. Qg4 Be2 25. Nf3 f5 26. exf6 Rxf6 27. Nxd4 Bxd1 28. Qxd1 Qd5 29. Nb3 Qe4 30. Qd4 Qf5 31. Re1 Nd5 32. Qe5 Qg4 33. Be3 Qf3 34. Nd4 Qg4 35. Qb8+ Kh7 36. Qe5 Rg6 37. Kg2 Bxh4 38. f3 Qxg3+ 39. Qxg3 Bxg3 40. Kh3 Bxe1 0-1


[Site "https://www.chess.com"]

[Event "Titled Tuesday Blitz May 4 2021"]
[White "Suvorov, Alexander"]
[Black "Svidler, Peter"]
[WhiteFideId "12977063"]
[BlackFideId "4102142"]
[WhiteElo "2221"]
[BlackElo "2754"]
[Result "0-1"]
[Round "05"]
[TimeControl "180+1"]
[Date "2021.05.04"]
[WhiteClock "0:00:21"]
[BlackClock "0:01:57"]

1. d4 Nf6 2. c4 g6 3. Nc3 d5 4. Nf3 Bg7 5. Bg5 Ne4 6. cxd5 Nxg5 7. Nxg5 e6 8. Qd2 h6 9. Nf3 exd5 10. g3 O-O 11. Bg2 c6 12. O-O a5 13. e3 Re8 14. a3 Qd6 15. Ne1 Nd7 16. Nd3 Nf6 17. b4 Bf5 18. b5 Ne4 19. Bxe4 dxe4 20. Nc5 b6 21. N5a4 c5 22. Rfd1 cxd4 23. exd4 Rad8 24. d5 Bg4 25. Re1 Bf3 26. Qe3 Qd7 27. Ne2 g5 28. Nd4 Bxd4 29. Qxd4 Qh3 0-1


[Site "https://www.chess.com"]

[Event "Titled Tuesday Blitz May 4 2021"]
[White "Svane, Rasmus"]
[Black "Sellitti, Federico"]
[WhiteFideId "4657101"]
[BlackFideId "821829"]
[WhiteElo "2669"]
[BlackElo "2606"]
[Result "1-0"]
[Round "05"]
[TimeControl "180+1"]
[Date "2021.05.04"]
[WhiteClock "0:00:37"]
[BlackClock "0:00:07"]

1. Nf3 Nf6 2. g3 g6 3. Bg2 Bg7 4. O-O O-O 5. d4 d5 6. c4 dxc4 7. Na3 c3 8. bxc3 c5 9. Ne5 Nc6 10. Nac4 Nd5 11. Nxc6 bxc6 12. Bd2 Ba6 13. Ne5 Qd6 14. Rc1 Bxe5 15. dxe5 Qxe5 16. c4 Nb6 17. Bc3 Qe6 18. Ba1 Bxc4 19. Qd2 Bd5 20. e4 Bxa2 21. Rxc5 f6 22. h4 Rfd8 23. Qh6 Nd7 24. Ra5 Bc4 25. Rc1 a6 26. h5 g5 27. Rxg5+ Kf7 28. Qxh7+ Ke8 29. Rg7 Nf8 30. Qh6 f5 31. Qg5 fxe4 32. Rxc4 Rd1+ 33. Kh2 Rxa1 34. Rxe4 1-0


[Site "https://www.chess.com"]

[Event "Titled Tuesday Blitz May 4 2021"]
[White "Sztokbant, Bernardo Vainzoff"]
[Black "Gritsenko, Nikolai"]
[WhiteFideId "2115956"]
[BlackFideId "14112493"]
[WhiteElo "2264"]
[BlackElo "2389"]
[Result "1-0"]
[Round "05"]
[TimeControl "180+1"]
[Date "2021.05.04"]
[WhiteClock "0:00:06"]
[BlackClock "0:00:09"]

1. e4 e6 2. d4 Ne7 3. Nf3 d5 4. Nc3 Nbc6 5. Bd3 Nb4 6. Be2 dxe4 7. Nxe4 b6 8. a3 Nbc6 9. O-O Bb7 10. Re1 Ng6 11. Bg5 Be7 12. Bxe7 Ncxe7 13. Bb5+ c6 14. Bf1 O-O 15. g3 Qc7 16. Bg2 Rad8 17. Qe2 Rd7 18. h4 Rd5 19. c4 Rf5 20. Bh3 h6 21. Bxf5 Nxf5 22. c5 Rd8 23. Rad1 Rd5 24. Nc3 Rd8 25. Qe4 Ba6 26. h5 Nxg3 27. Qg4 Nxh5 28. Qxh5 Qf4 29. Re4 Qf6 30. cxb6 axb6 31. Qg4 Bc4 32. Ne5 Bd5 33. Nxd5 Rxd5 34. Nxg6 Rg5 35. Ne5 Rxg4+ 36. Rxg4 Qf5 37. Rg3 h5 38. Nxc6 Kh7 39. Ne5 h4 40. Rf3 Qg5+ 41. Kf1 f6 42. Nd3 Qg4 43. Ke2 e5 44. dxe5 fxe5 45. Nxe5 Qe4+ 46. Re3 Qc2+ 47. Rd2 Qf5 48. a4 h3 49. Nf3 Qh5 50. Rd4 h2 51. Rh4 Qxh4 52. Nxh4 h1=Q 53. Nf3 Qb1 54. b3 Qb2+ 55. Nd2 Qf6 56. Ne4 Qc6 57. Nd2 b5 58. Rh3+ Kg8 59. axb5 Qxb5+ 60. Rd3 Qe5+ 61. Re3 Qb5+ 62. Nc4 Kh7 63. Rh3+ Kg8 64. Re3 Qb6 65. Nxb6 Kh7 66. Nc4 Kg6 67. b4 Kf6 68. Rg3 Kf7 69. b5 g5 70. Rxg5 1-0


[Site "https://www.chess.com"]

[Event "Titled Tuesday Blitz May 4 2021"]
[White "Tang, Andrew"]
[Black "Madaminov, Mukhiddin"]
[WhiteFideId "2059630"]
[BlackFideId "14210703"]
[WhiteElo "2584"]
[BlackElo "1747"]
[Result "1-0"]
[Round "05"]
[TimeControl "180+1"]
[Date "2021.05.04"]
[WhiteClock "0:00:15"]
[BlackClock "0:00:15"]

1. d4 Nf6 2. c4 e6 3. Nc3 Bb4 4. Qc2 O-O 5. Nf3 d5 6. Bg5 c6 7. e3 Nbd7 8. cxd5 exd5 9. Bd3 Re8 10. Bxh7+ Nxh7 11. Bxd8 Rxd8 12. O-O Nhf6 13. Rad1 Re8 14. Ne2 Ne4 15. Ng3 Bd6 16. Nxe4 Rxe4 17. Ng5 Rh4 18. g3 Rh5 19. h4 Nf6 20. e4 dxe4 21. Nxe4 Nxe4 22. Qxe4 Be6 23. b3 Rd8 24. Rfe1 Rd5 25. Qf3 Rf5 26. Qd3 Bc8 27. Re3 Rd5 28. Rde1 Bd7 29. Re4 Kf8 30. g4 Bc7 31. Qf3 Bd6 32. h5 Rg5 33. h6 Kg8 34. hxg7 Kxg7 35. Qe3 Rg6 36. f3 Rh8 37. d5 c5 38. Qc3+ Kh7 39. Kf2 Rh6 40. Rg1 Rg8 41. Rg2 b6 42. g5 Rhg6 43. Rh4+ 1-0


[Site "https://www.chess.com"]

[Event "Titled Tuesday Blitz May 4 2021"]
[White "Tari, Aryan"]
[Black "Bartel, Michal"]
[WhiteFideId "1510045"]
[BlackFideId "1119257"]
[WhiteElo "2656"]
[BlackElo "2271"]
[Result "0-1"]
[Round "05"]
[TimeControl "180+1"]
[Date "2021.05.04"]
[WhiteClock "0:00:03"]
[BlackClock "0:00:05"]

1. d4 Nf6 2. Nf3 c5 3. d5 e6 4. c4 exd5 5. cxd5 d6 6. Nc3 g6 7. Bf4 a6 8. a4 Nh5 9. Bg5 f6 10. Bh4 Bg7 11. e3 O-O 12. Nd2 Nd7 13. Be2 g5 14. Bxh5 gxh4 15. h3 Ne5 16. O-O Bf5 17. e4 Bg6 18. f4 Nd3 19. Bxg6 hxg6 20. Nc4 Nb4 21. Qg4 f5 22. Qxg6 fxe4 23. Nxe4 Qe8 24. Qxe8 Raxe8 25. Ncxd6 Rd8 26. Nxb7 Rxd5 27. Rad1 Rxd1 28. Rxd1 Rxf4 29. Nbxc5 Bxb2 30. Rd7 Nc2 31. Rd2 Bd4+ 32. Kh2 Be5 33. Nd3 Rxe4+ 34. Nxe5 Ne3 35. Rd8+ Kg7 36. Nf3 Rxa4 37. Re8 Nf1+ 38. Kg1 Ng3 39. Kh2 Nf1+ 40. Kg1 Ng3 41. Re1 Nf5 42. Kh2 Kf6 43. Rf1 Kg6 44. Ne5+ Kg5 45. Nf7+ Kg6 46. Ne5+ Kg5 47. Rc1 Ra5 48. Nf3+ Kf4 49. Rc4+ Ke3 50. Nxh4 Nd4 51. Ng6 Ra2 52. Ne5 a5 53. Ng4+ Kd3 54. Ne5+ Ke3 55. Rc8 a4 56. Ra8 Ke4 57. Nc4 Nf3+ 58. Kg3 Nd4 59. Nb6 a3 60. Nc4 Nb5 61. Ra5 Kd4 62. Nb6 Kc5 63. Nd7+ Kb4 64. Ra8 Rd2 65. Ne5 a2 66. Rb8 a1=Q 67. Nc6+ Kc5 68. Rc8 Kb6 69. Ne7 Qg7+ 70. Kh2 Qxe7 0-1


[Site "https://www.chess.com"]

[Event "Titled Tuesday Blitz May 4 2021"]
[White "Tejedor Fuente, Enrique"]
[Black "Christensen, Thomas"]
[WhiteFideId "2299100"]
[BlackFideId "1403532"]
[WhiteElo "2535"]
[BlackElo "2295"]
[Result "1/2-1/2"]
[Round "05"]
[TimeControl "180+1"]
[Date "2021.05.04"]
[WhiteClock "0:00:02"]
[BlackClock "0:00:07"]

1. e4 Nc6 2. d4 e5 3. dxe5 Nxe5 4. Bf4 Ng6 5. Bg3 Bc5 6. Nf3 d6 7. Nc3 N8e7 8. Na4 Bb6 9. Nxb6 axb6 10. Bd3 O-O 11. O-O f5 12. exf5 Bxf5 13. Re1 Qd7 14. a3 Rae8 15. Nd4 Bxd3 16. Qxd3 Nc6 17. Qb3+ Kh8 18. Nxc6 bxc6 19. h3 Qf5 20. Qd3 Qxd3 21. cxd3 Kg8 22. Kf1 Kf7 23. Re2 Rxe2 24. Kxe2 Ke6 25. Kd2 Kd5 26. Re1 b5 27. f3 Rf7 28. Re4 c5 29. h4 Ne7 30. a4 bxa4 31. Rxa4 Nf5 32. Bf2 Rf8 33. b4 cxb4 34. Rxb4 Ra8 35. Rb5+ c5 36. Rb2 Ra3 37. Rc2 Nd4 38. Bxd4 Kxd4 39. Rc4+ Kd5 40. Rg4 g6 41. h5 Ra2+ 42. Ke3 gxh5 43. Rg5+ Ke6 44. g3 Rg2 45. Rxh5 Rxg3 46. Rh6+ Kd5 47. Rh5+ Ke6 48. Rh6+ Kd5 49. Rxh7 Rg5 50. Kf4 Rg6 51. Rh1 Rf6+ 52. Ke3 Re6+ 53. Kd2 Rf6 54. Rh5+ Kd4 55. Rh4+ Kd5 56. Ke3 Re6+ 57. Kd2 Rg6 58. Rh5+ Kc6 59. Ke3 Re6+ 60. Kf2 Rg6 61. f4 Rf6 62. Ke3 d5 63. Re5 Kd6 64. Re8 Rh6 65. Kf3 Rh3+ 66. Ke2 d4 67. Rd8+ Ke6 68. Rc8 Kd5 69. Re8 Rh2+ 70. Ke1 Kd6 71. Re5 Kc6 72. Re6+ Kd5 73. Re5+ Kd6 74. Rg5 Kc6 75. f5 Rh4 76. Rg6+ Kd5 77. f6 Rf4 78. Ke2 Rf5 79. Kd2 Rf2+ 80. Ke1 Rf5 81. Ke2 Re5+ 82. Kd2 Rf5 83. Rh6 Ke5 84. f7 Rxf7 85. Rh5+ Kd6 86. Rh2 Rf5 87. Rh6+ Kd5 88. Rh2 Rg5 89. Re2 c4 90. dxc4+ Kxc4 91. Rh2 Rg3 92. Rf2 Ra3 93. Kc1 d3 94. Rf8 Ra1+ 95. Kd2 Ra2+ 96. Kd1 Ra5 97. Rc8+ Rc5 98. Rd8 Rd5 99. Rc8+ Kd4 100. Rh8 Re5 101. Rd8+ Ke3 102. Rh8 Re4 103. Rh3+ Kd4 104. Kd2 Kc4 105. Rxd3 Rd4 106. Rxd4+ Kxd4 1/2-1/2


[Site "https://www.chess.com"]

[Event "Titled Tuesday Blitz May 4 2021"]
[White "TigrVShlyape"]
[Black "Martirosyan, Haik M."]
[BlackFideId "13306553"]
[WhiteElo "2829"]
[BlackElo "2597"]
[Result "0-1"]
[Round "05"]
[TimeControl "180+1"]
[Date "2021.05.04"]
[WhiteClock "0:00:10"]
[BlackClock "0:00:05"]

1. e4 e5 2. Nf3 Nc6 3. Bb5 Nf6 4. O-O Nxe4 5. Re1 Nd6 6. Nxe5 Be7 7. Bf1 Nxe5 8. Rxe5 O-O 9. d4 Bf6 10. Re1 Nf5 11. c3 d5 12. Bf4 c6 13. Nd2 Bg5 14. Bxg5 Qxg5 15. Nf3 Qf6 16. Ne5 Nd6 17. Bd3 Bf5 18. Qf3 Rad8 19. Re3 Rfe8 20. Rae1 Re6 21. g4 Be4 22. Qg3 Qe7 23. Bf1 h5 24. h3 h4 25. Qf4 g5 26. Qh2 Re8 27. f3 Bh7 28. R3e2 Kg7 29. f4 Be4 30. f5 Rh6 31. Nf3 Qd8 32. Nd2 Rhh8 33. Bg2 Bd3 34. Rxe8 Rxe8 35. Rxe8 Qxe8 36. Qe5+ Qxe5 37. dxe5 Nc8 38. Nf3 c5 39. Nxg5 Nb6 40. e6 fxe6 41. Nxe6+ Kf6 42. Nxc5 Bb1 43. a3 Nc4 44. Bxd5 Nxb2 45. Nxb7 Nd1 46. c4 Ne3 47. Na5 Bd3 48. Nc6 a6 49. Na5 Ke5 50. Kf2 Nd1+ 51. Kf3 Nc3 52. Nc6+ Kf6 53. Kf4 Bf1 54. g5+ Kg7 55. Kg4 Ne2 56. Ne5 Nd4 57. f6+ Kh7 58. g6+ Kh6 59. g7 Be2+ 60. Kxh4 Nf5# 0-1


[Site "https://www.chess.com"]

[Event "Titled Tuesday Blitz May 4 2021"]
[White "Timmermans, Mark"]
[Black "Gahan, M G"]
[WhiteFideId "1026399"]
[BlackFideId "5027373"]
[WhiteElo "2460"]
[BlackElo "2264"]
[Result "1-0"]
[Round "05"]
[TimeControl "180+1"]
[Date "2021.05.04"]
[WhiteClock "0:00:19"]
[BlackClock "0:00:02"]

1. b4 e5 2. Bb2 Bxb4 3. Bxe5 Nf6 4. Nc3 Nc6 5. Bxf6 Qxf6 6. Nd5 Qe5 7. c4 Ba5 8. Nf3 Qe6 9. e3 O-O 10. Be2 d6 11. O-O Ne7 12. Nf4 Qf6 13. d4 c6 14. Rb1 Bc7 15. d5 cxd5 16. Nxd5 Nxd5 17. Qxd5 Rb8 18. Nd4 Bb6 19. Nb5 Bc5 20. Bf3 a6 21. Nd4 Be6 22. Nxe6 fxe6 23. Qd3 b6 24. Be4 g6 25. g3 Kg7 26. h4 Qe5 27. Kg2 Rbd8 28. Rbd1 Rf7 29. f4 Qf6 30. Bf3 b5 31. cxb5 Qb2+ 32. Rf2 Qxb5 33. Qc3+ Kg8 34. h5 Qb4 35. Qd3 gxh5 36. Rh1 Qa3 37. Qc2 Qxe3 38. Re2 Qd4 39. Rh4 Rg7 40. Rh1 Qxf4 41. g4 hxg4 42. Be4 Rf8 43. Bxh7+ Kf7 44. Rf1 Ke7 45. Rxf4 Rxf4 46. Qb3 Rg5 47. Qxe6+ Kf8 48. Qe7# 1-0


[Site "https://www.chess.com"]

[Event "Titled Tuesday Blitz May 4 2021"]
[White "Tisaj, Domen"]
[Black "Cunjalo, Faris"]
[WhiteFideId "14628708"]
[BlackFideId "14410710"]
[WhiteElo "2243"]
[BlackElo "2234"]
[Result "0-1"]
[Round "05"]
[TimeControl "180+1"]
[Date "2021.05.04"]
[WhiteClock "0:00:02"]
[BlackClock "0:00:22"]

1. d4 f5 2. Nc3 Nf6 3. Bg5 g6 4. Bxf6 exf6 5. e3 d5 6. Bd3 Be6 7. Qf3 Nc6 8. a3 Ne7 9. Nge2 c6 10. h4 h5 11. Nf4 Bf7 12. Qe2 Bh6 13. O-O Nc8 14. b4 Nd6 15. b5 Qa5 16. Qe1 Kf8 17. bxc6 bxc6 18. a4 Rb8 19. Qd2 Kg7 20. Rfb1 Rb6 21. Rxb6 axb6 22. Rb1 Rc8 23. Qe1 Re8 24. Nce2 Qxe1+ 25. Rxe1 c5 26. c3 c4 27. Bc2 Ra8 28. Rb1 Ra6 29. Nc1 Bxf4 30. exf4 Be8 31. Na2 Bxa4 32. Bxa4 Rxa4 33. Rxb6 Ne4 34. Rb7+ Kh6 35. Rb2 Ra3 36. Rc2 g5 37. f3 Ng3 38. hxg5+ fxg5 39. fxg5+ Kxg5 40. Nb4 Ra1+ 41. Kf2 f4 42. Re2 Rf1# 0-1


[Site "https://www.chess.com"]

[Event "Titled Tuesday Blitz May 4 2021"]
[White "Titichoca Daza, Daniel"]
[Black "Erden, Kadir"]
[WhiteFideId "3309550"]
[BlackFideId "6305776"]
[WhiteElo "1910"]
[BlackElo "2218"]
[Result "1-0"]
[Round "05"]
[TimeControl "180+1"]
[Date "2021.05.04"]
[WhiteClock "0:00:54"]
[BlackClock "0:00:09"]

1. e4 c6 2. Nf3 d5 3. Nc3 Nf6 4. e5 Ne4 5. Ne2 Qb6 6. d4 e6 7. Ng3 c5 8. Bd3 Nc6 9. Nxe4 dxe4 10. Bxe4 cxd4 11. O-O Bd7 12. c3 dxc3 13. bxc3 Qc7 14. Bf4 Be7 15. Rb1 h6 16. Re1 Na5 17. Nd4 O-O 18. Qh5 f5 19. exf6 Rxf6 20. Bxc7 1-0


[Site "https://www.chess.com"]

[Event "Titled Tuesday Blitz May 4 2021"]
[White "Trent, Lawrence"]
[Black "Eswaran, Ashritha"]
[WhiteFideId "408638"]
[BlackFideId "2080788"]
[WhiteElo "2474"]
[BlackElo "2382"]
[Result "1-0"]
[Round "05"]
[TimeControl "180+1"]
[Date "2021.05.04"]
[WhiteClock "0:01:27"]
[BlackClock "0:01:14"]

1. c4 e5 2. Nc3 d6 3. Nf3 c5 4. e3 Nc6 5. d4 exd4 6. exd4 Bg4 7. d5 Nd4 8. Be3 Bxf3 9. gxf3 Nf5 10. Bh3 Nxe3 11. Qa4+ Ke7 12. fxe3 g6 13. O-O-O Bg7 14. Qb3 Qb6 15. f4 Qxb3 16. axb3 f5 17. e4 Bxc3 18. bxc3 fxe4 19. Rhe1 Nf6 20. Bg2 Kf7 21. Bxe4 Rhe8 22. Bf3 a5 23. Kc2 a4 24. bxa4 Rxa4 25. Rxe8 Nxe8 26. Kb3 Ra6 27. Re1 Nc7 28. Bg4 Rb6+ 29. Kc2 Ra6 30. Kb3 Rb6+ 31. Kc2 Ra6 32. Rb1 Ra7 33. Kd3 b5 34. cxb5 Nxd5 35. b6 Rb7 36. Bf3 Nxf4+ 37. Ke3 d5 38. Kxf4 Ke6 39. c4 Rf7+ 40. Kg3 1-0


[Site "https://www.chess.com"]

[Event "Titled Tuesday Blitz May 4 2021"]
[White "Triapishko, Alexandr"]
[Black "Darini, Pouria"]
[WhiteFideId "14122286"]
[BlackFideId "12502200"]
[WhiteElo "2490"]
[BlackElo "2489"]
[Result "1-0"]
[Round "05"]
[TimeControl "180+1"]
[Date "2021.05.04"]
[WhiteClock "0:00:06"]
[BlackClock "0:00:14"]

1. d4 Nf6 2. c4 g6 3. Nc3 d5 4. Bf4 Bg7 5. e3 c5 6. dxc5 Qa5 7. Rc1 dxc4 8. Bxc4 O-O 9. Nf3 Qxc5 10. Bb3 Nc6 11. O-O Qa5 12. h3 Bf5 13. Qe2 Ne4 14. g4 Nxc3 15. bxc3 Bd7 16. Rfd1 Rad8 17. Rd5 Qb6 18. Rb1 Be6 19. Rb5 Qa6 20. Bxe6 fxe6 21. Qc4 Na5 22. Qe4 Qc6 23. Qxc6 Nxc6 24. Ng5 e5 25. Bg3 b6 26. Ne6 Rd3 27. Nxf8 Kxf8 28. Rc1 Rd2 29. c4 Rxa2 30. c5 Ra5 31. Rcb1 bxc5 32. Rxa5 Nxa5 33. Rb5 Nc4 34. Rxc5 Nd2 35. Ra5 Kf7 36. Kg2 Nc4 37. Rxa7 Nd6 38. Bh4 Bf6 39. Bg3 g5 40. Ra8 Ke6 41. Kf3 h6 42. Ke2 Ne4 43. Bh2 Nd6 44. Kd3 Kd5 45. Ra5+ Ke6 46. f4 exf4 47. exf4 Nf7 48. f5+ Kd7 49. Ke4 Nd8 50. Kd5 Nc6 51. Rb5 Nd8 52. Rb6 Nf7 53. Rb7+ Ke8 54. Rb8+ Kd7 55. Rg8 Nd8 56. Rg6 Nf7 57. Bg3 Ke8 58. Rg8+ Kd7 59. Bf2 Nd8 60. Bd4 Bxd4 61. Kxd4 Nc6+ 62. Kd5 Nb4+ 63. Ke4 Na6 64. Rg6 Nc5+ 65. Kf3 Ke8 66. Rxh6 Nd7 67. Rh5 Kf7 68. Rxg5 Ne5+ 69. Kg3 Kf6 70. h4 Nd7 71. Rg6+ Kf7 72. h5 Nf8 73. Ra6 Nh7 74. Kf4 Nf6 75. h6 Nd5+ 76. Kg5 Nc7 77. Rg6 1-0


[Site "https://www.chess.com"]

[Event "Titled Tuesday Blitz May 4 2021"]
[White "Tristan, Leonardo"]
[Black "Iskusnyh, Sergei"]
[WhiteFideId "113816"]
[BlackFideId "4120027"]
[WhiteElo "2404"]
[BlackElo "2492"]
[Result "1-0"]
[Round "05"]
[TimeControl "180+1"]
[Date "2021.05.04"]
[WhiteClock "0:00:06"]
[BlackClock "0:00:02"]

1. d4 d5 2. Bf4 Nf6 3. e3 c5 4. Nf3 Nc6 5. c3 Qb6 6. Qc2 g6 7. Nbd2 Bg7 8. Be2 Bf5 9. dxc5 Qxc5 10. Qb3 Na5 11. Qa4+ Bd7 12. Qd1 Qb6 13. Nb3 Ba4 14. Nfd2 O-O 15. O-O Rfd8 16. Be5 Ne4 17. Bxg7 Kxg7 18. Nxe4 dxe4 19. Qc2 f5 20. c4 Bxb3 21. Qc3+ Kh6 22. c5 Qc7 23. axb3 Nc6 24. b4 Qe5 25. Rfd1 Qxc3 26. bxc3 Ne5 27. Kf1 Kg7 28. Rxd8 Rxd8 29. Rxa7 Rd2 30. Rxb7 Rc2 31. Ke1 Rxc3 32. Rxe7+ Kf6 33. Rb7 Rc2 34. h4 h6 35. Rb6+ Ke7 36. Kd1 Rb2 37. f4 exf3 38. gxf3 g5 39. hxg5 hxg5 40. Rb7+ Kf6 41. Rb6+ Ke7 42. f4 gxf4 43. exf4 Ng4 44. Bxg4 fxg4 45. Ke1 g3 46. Kf1 Rf2+ 47. Kg1 Rxf4 48. Kg2 Rg4 49. b5 Kd7 50. Rd6+ Kc7 51. Rf6 Kd7 52. c6+ Kc7 53. Rf7+ Kd6 54. Rd7+ Ke6 55. Rd3 Rb4 56. Rc3 Rxb5 57. c7 1-0


[Site "https://www.chess.com"]

[Event "Titled Tuesday Blitz May 4 2021"]
[White "Trost, Edvin"]
[Black "Shyaamnikhil P"]
[WhiteFideId "1729519"]
[BlackFideId "5024218"]
[WhiteElo "2028"]
[BlackElo "2300"]
[Result "0-1"]
[Round "05"]
[TimeControl "180+1"]
[Date "2021.05.04"]
[WhiteClock "0:00:01"]
[BlackClock "0:00:15"]

1. d4 d5 2. Nf3 Nf6 3. c4 dxc4 4. e3 a6 5. Bxc4 b5 6. Bb3 e6 7. O-O Bb7 8. Qe2 c5 9. dxc5 Bxc5 10. Nc3 Qc7 11. e4 Nc6 12. e5 Ng4 13. Bf4 h5 14. Ne4 Be7 15. Rac1 O-O 16. h3 Nh6 17. Nd6 Bxd6 18. exd6 Qd7 19. Bxh6 gxh6 20. Rfd1 Rae8 21. Qe3 Kh7 22. Ne5 Nxe5 23. Rc7 Qd8 24. Qxe5 Ba8 25. Qxh5 Qf6 26. Bc2+ Kh8 27. d7 Rd8 28. Kh1 Rg8 29. f3 Rg5 30. Qh4 Bxf3 31. Qd4 Bxg2+ 32. Kh2 Qxd4 33. Rxd4 Bd5 34. Rd2 Kg7 35. Bb3 Kf6 36. Ra7 Bxb3 37. axb3 Ke7 38. h4 Re5 39. Kh3 Re3+ 40. Kg4 Rxb3 41. Kh5 Rb4 42. Rxa6 Rxd7 43. Rxd7+ Kxd7 44. Ra7+ Ke8 45. Ra8+ Ke7 46. Ra7+ Kf6 47. Rd7 Rxb2 48. Kxh6 b4 49. h5 b3 50. Rd3 e5 51. Rf3+ Ke6 52. Kg7 e4 53. Rf6+ Ke5 54. Rxf7 Rg2+ 55. Kh7 b2 56. Rb7 e3 57. h6 Kf4 58. Kh8 Rh2 59. h7 e2 60. Rxb2 Rxh7+ 61. Kxh7 e1=Q 62. Rb8 Qe7+ 63. Kg8 Qe6+ 64. Kh7 Qd7+ 65. Kh8 Qd4+ 66. Kh7 Qe4+ 67. Kh6 Qe6+ 68. Kh7 Qe7+ 69. Kg8 Qg5+ 0-1


[Site "https://www.chess.com"]

[Event "Titled Tuesday Blitz May 4 2021"]
[White "Unneland, Mathias"]
[Black "Nitin, S."]
[WhiteFideId "1525581"]
[BlackFideId "5018277"]
[WhiteElo "1975"]
[BlackElo "2431"]
[Result "0-1"]
[Round "05"]
[TimeControl "180+1"]
[Date "2021.05.04"]
[WhiteClock "0:00:03"]
[BlackClock "0:00:07"]

1. d4 c5 2. d5 d6 3. c4 e5 4. Nc3 g6 5. e4 Bg7 6. h4 Nf6 7. Be2 h5 8. Bg5 a6 9. Nf3 Qc7 10. Nd2 Nh7 11. Be3 Nd7 12. O-O Ndf6 13. f3 Ng8 14. a3 Bh6 15. Bxh6 Nxh6 16. Rb1 Qe7 17. Qe1 g5 18. hxg5 Qxg5 19. Rd1 Rg8 20. Rf2 Qh4 21. Nf1 Ng5 22. g3 Nh3+ 23. Kh2 Qf6 24. Rg2 Bd7 25. b4 O-O-O 26. bxc5 dxc5 27. Ne3 Ng4+ 28. fxg4 hxg4 29. Kh1 Qh6 30. Bf1 Ng5+ 31. Rh2 Qg6 32. Bg2 Rh8 33. Qf2 Kb8 34. Rf1 Rxh2+ 35. Kxh2 Rh8+ 36. Kg1 Qh6 37. Qf6 Nh3+ 38. Kh2 Qh5 39. Rh1 Nf2+ 40. Kg1 Nxh1 41. Nf1 Ka7 42. Qd6 Bc8 43. Qxc5+ Ka8 44. Na4 Nxg3 45. Nxg3 Qg5 46. Nb6+ Kb8 47. Qd6+ Ka7 48. Nxc8+ Rxc8 49. c5 Qc1+ 50. Nf1 Rxc5 51. Qxe5 Rc2 52. Qd4+ Kb8 53. d6 Rc8 54. d7 Rd8 55. Qd6+ Qc7 56. Qd5 Rxd7 57. Qf5 Qb6+ 58. Kh2 Qe6 59. Qf4+ Qd6 60. Kg3 Qxf4+ 61. Kxf4 Rd3 62. Kxg4 Rxa3 63. Nd2 Ra2 64. Nc4 Rxg2+ 0-1


[Site "https://www.chess.com"]

[Event "Titled Tuesday Blitz May 4 2021"]
[White "Urazayev, Arystanbek"]
[Black "Karacsonyi, Gellert"]
[WhiteFideId "13709810"]
[BlackFideId "764620"]
[WhiteElo "2321"]
[BlackElo "2192"]
[Result "1-0"]
[Round "05"]
[TimeControl "180+1"]
[Date "2021.05.04"]
[WhiteClock "0:00:08"]
[BlackClock "0:00:07"]

1. e4 c5 2. Nf3 Nc6 3. Bb5 g6 4. O-O Bg7 5. c3 Nf6 6. e5 Nd5 7. d4 O-O 8. dxc5 Nc7 9. Bxc6 dxc6 10. h3 a5 11. Nbd2 Bf5 12. Re1 Ne6 13. b4 axb4 14. cxb4 Qd5 15. Qb3 Qxb3 16. Nxb3 Rfd8 17. Bb2 Nc7 18. Na5 Rab8 19. Rad1 Nd5 20. a3 h5 21. Nd4 e6 22. Ndxc6 bxc6 23. Nxc6 Bc2 24. Rd2 Ba4 25. Nxd8 Rxd8 26. h4 Kf8 27. g3 Ke7 28. Rd3 Rd7 29. Bc1 Kd8 30. Bg5+ Kc7 31. Rd2 Kc6 32. Kh2 Ra7 33. Bd8 Bb5 34. Ba5 Bh6 35. Rd4 Bg7 36. f3 Ra8 37. g4 Rh8 38. Kg3 Bf8 39. Ra1 Ba4 40. Bd8 Bg7 41. Bf6 Nxf6 42. exf6 Bxf6 43. Rd6+ Kc7 44. Re1 hxg4 45. Kxg4 Rxh4+ 46. Kg3 Rh5 47. Kg2 Be5 48. Ra6 Bc6 49. a4 Rh2+ 50. Kg1 Rh5 51. Ra7+ Bb7 52. Rd1 Kb8 53. Rxb7+ Kxb7 54. Rd7+ Kc6 55. Rxf7 Rf5 56. Re7 Kd5 57. Kg2 Rg5+ 58. Kf1 Rf5 59. Ke2 Rf4 60. Rb7 Bc3 61. b5 Rd4 62. c6 Rxa4 63. Rd7+ Ke5 64. c7 Rc4 65. b6 Ba5 66. b7 Bxc7 67. Rxc7 Rxc7 68. b8=Q Kd6 69. Ke3 Kd7 70. Qh8 Rc5 71. Qg7+ Kd6 72. Qxg6 Rf5 73. Qg8 Ke7 74. Qb8 Rd5 75. Ke4 Rf5 76. Qc7+ Ke8 77. f4 Rd5 78. Qh7 Rf5 79. Qg7 Rd5 80. Qf6 Kd7 81. Qf7+ Kd6 82. Qf6 Kd7 83. Qf8 Rb5 84. Qf7+ Kd6 85. Qg8 Rf5 86. Qd8+ Kc6 87. Qe7 Rd5 88. Qxe6+ Rd6 89. Ke5 1-0


[Site "https://www.chess.com"]